 Dungeon Crawl Stone Soup version 0.29.1-12-g30fa7ad0bf (webtiles) character file.

Game seed: 10124151893420930162

5104 tkbsonic5 the Trooper (level 10, -4/109 HPs)
             Began as a Djinni Hedge Wizard on Jan 15, 2023.
             Was an Elder of Okawaru.
             Slain by a cyan ugly thing (13 damage)
             ... on level 9 of the Dungeon on Jan 18, 2023.
             The game lasted 01:08:41 (12744 turns).

tkbsonic5 the Trooper (Djinni Hedge Wizard)        Turns: 12744, Time: 01:08:41

Health: -4/109     AC: 25    Str: 23    XL:     10   Next: 87%
Gold:   226        EV:  2    Int: 18    God:    Okawaru [****..] SH:  0 Dex: 13

rFire   . . .      SeeInvis .   y - +3 long sword (flame)
rCold   . . .      Faith    .   (no shield)
rNeg    . . .      Spirit   .   (body armour currently unavailable)
rPois   ∞          Reflect  .   (helmet currently unavailable)
rElec   .          Harm     .   (cloak currently unavailable)
rCorr   .          Rampage  .   (gloves currently unavailable)
Will    +....      NoTele   +   (boots unavailable)
Stlth   +++.......              (no amulet)
HPRegen 0.28/turn               C - +6 ring of strength
MPRegen 0.00/turn               n - +6 ring of strength

@: tree-form, heroic, finesse-ful, studying 2 skills
A: stationary, stasis, torment immunity, boosted hp, sickness immunity, (fire
resistance 2), (cold vulnerability 1), float, innate caster, HP casting, extra
vitality 1
a: Renounce Religion, Heroism, Finesse


You were on level 9 of the Dungeon.
You worshipped Okawaru.
Okawaru was greatly pleased with you.
You were a tree.
You visited 1 branch of the dungeon, and saw 9 of its levels.

You collected 513 gold pieces.
You spent 287 gold pieces at shops.

Inventory:

Hand Weapons
 b - a +2 shortbow of flaming
 k - a +0 falchion of draining
 m - a +2 flail of protection
 p - a +0 sling
 t - a +0 quarterstaff of flaming
 y - a +3 long sword of flaming (weapon)
 D - a +0 broad axe of electrocution
 H - a +1 spear of pain
 J - a +0 halberd
Missiles
 f - 14 poisoned darts (quivered)
 w - a curare-tipped dart
Armour
 d - a +0 pair of gloves (melded)
 e - a +3 leather armour of poison resistance (melded)
 l - a +0 helmet (melded)
 s - a +1 robe of willpower
 v - a +0 chain mail
Magical Staves
 a - a staff of air
Jewellery
 n - a +6 ring of strength (right branch)
 u - a +4 ring of evasion
 C - a +6 ring of strength (left branch)
Wands
 g - a wand of polymorph (19)
 h - a wand of quicksilver (3)
 z - a wand of flame (8)
Scrolls
 c - a scroll of teleportation
 j - a scroll of identify
Potions
 q - 4 potions of flight
 B - 2 potions of cancellation
 E - a potion of brilliance


   Skills:
 * Level 6.6(11.6) Fighting
 * Level 3.1(8.1) Long Blades
 - Level 2.0(7.4) Maces & Flails
 - Level 2.1(7.6) Staves
 - Level 3.5(8.5) Ranged Weapons
 - Level 0.6(5.6) Throwing
 * Level 4.6(9.6) Armour
 * Level 6.6(11.6) Dodging
 - Level 1.5(6.5) Stealth
 * Level 5.8 Spellcasting
 + Level 5.1 Invocations
 + Level 2.8 Evocations


You couldn't memorise any spells.
You knew the following spells:

 Your Spells              Type           Power      Damage    Failure   Level
a - Magic Dart            Conj           100%       1d8       1%          1
b - Blink                 Tloc           52%        N/A       1%          2
c - Call Imp              Summ           26%        N/A       1%          2
d - Slow                  Hex            100%       N/A       1%          1
e - Conjure Flame         Conj/Fire      26%        6-21      3%          3
f - Mephitic Cloud        Conj/Pois/Air  26%        N/A       3%          3
g - Freeze                Ice            100%       1d11      1%          1
h - Passwall              Tmut/Erth      21%        N/A       1%          2
i - Portal Projectile     Hex/Tloc       52%        N/A       3%          3
j - Hailstorm             Conj/Ice       26%        3d7       11%         4
Your spell library was empty.

Dungeon Overview and Level Annotations

Branches:
Dungeon (9/15)             Temple (0/1) D:6            Lair (0/5) D:8
    Orc: D:9-12

Altars:
Okawaru
Ru
Trog
Zin
The Shining One

Shops:
D:7 *

Annotations:
D:9 1 runed translucent door, sanboga's ghost, journeyman MiBe


Innate Abilities, Weirdness & Mutations

You are a tree.
Your roots penetrate the ground, keeping you stationary.
You cannot be teleported.
You are immune to unholy pain and torment.
Your maximum health is greatly increased.
Your equipment is partially melded.
You are immune to sickness and miasma.
You are immune to poison.
((Your flesh is very heat resistant. (rF++)))
((You are vulnerable to cold. (rC-)))
You float through the air rather than walking.
You learn spells naturally, not from books.
Your magical power is your life essence.
You have superior vitality. (+4 MHP)


Message History

The boulder beetle bites you but does no damage.
You barely miss the cyan ugly thing.
The cyan ugly thing is lightly wounded.
The cyan ugly thing engulfs you but does no damage.
You slash the cyan ugly thing! You burn the cyan ugly thing.
The cyan ugly thing is moderately wounded.
Something hits the boulder beetle but does no damage.
The boulder beetle bites you but does no damage.
You slash the cyan ugly thing! You burn the cyan ugly thing.
The cyan ugly thing is heavily wounded.
The cyan ugly thing engulfs you. The cyan ugly thing shocks you!
You hit the cyan ugly thing but do no damage.
Your punch misses the cyan ugly thing.
The cyan ugly thing is heavily wounded.
Something hits the boulder beetle but does no damage.
The boulder beetle bites you!
You hit the cyan ugly thing. You burn the cyan ugly thing.
The cyan ugly thing is heavily wounded.
The cyan ugly thing engulfs you but does no damage.
Something hits the boulder beetle.
You hit the cyan ugly thing. You burn the cyan ugly thing.
The cyan ugly thing is severely wounded.
The boulder beetle bites you!
* * * LOW HITPOINT WARNING * * *
Casting: Mephitic Cloud (mildly dangerous; 3% risk of failure)
Confirm with . or Enter, or press ? or * to list all spells.
Okay, then.
Aiming: Polymorph
Press: ? - help, Shift-Dir - straight line, f - boulder beetle
Aim: a boulder beetle (lightly wounded, will become a tyrant leech, an eight-headed hydra, or a golden eye, chance to affect: 37%)
Okay, then.
Aiming: Quicksilver Bolt
Press: ? - help, Shift-Dir - straight line, f - cyan ugly thing
Aim: a cyan ugly thing (severely wounded, 71% to hit)
The bolt of dispelling energy hits the cyan ugly thing!
The cyan ugly thing is almost dead.
The cyan ugly thing engulfs you!
* * * LOW HITPOINT WARNING * * *
The cyan ugly thing shocks you!
You die...

###...#,,,,,#.##.*..#,,,,,#...
#..#..#,***,*,##,,#.#,*+*,#..#
####..#,+,*,+,,*,*..#,*,*,#.##
##.#,***,*,#,,,#.#,***,#.#
#.#,,,,,*.#,,**,*,,,,,#.#
#.#######u#,*,*,***+**#.#
######.........##***,,,,,,,..#*
#......##.#..##B##,,,***,**..,,
####...#,,#.#u♣..#,,*,,,,,,,,,.
#..#...####..#####,*,**,***,,..
*#......#.##...#,,*,*,,,,,,,,.>
##....#.###.##.#*,*,,****,*,,,
*#.............#..*,,,,****,,*,
#.##.#.###'###.#*#..,,,,,,*,,*,
##*#.#.#.....#...**#*,**,,**,**
#...#.###.#,.##*,**,*,*,*,**
***
##..#.#)#.#,##**,,,*,****,**


You could see a boulder beetle and a cyan ugly thing.

Vanquished Creatures
  A two-headed ogre (D:9)
  An ugly thing (D:9)
  A troll (D:6)
  A steam dragon (D:7)
  4 orc warriors
  A sky beast (D:8)
  3 black bears
  An ogre (D:5)
  5 centaurs
  3 phantoms
  3 kobold brigands
  2 bullfrogs
  A gnoll sergeant (D:9)
  A necrophage (D:6)
  2 scorpions
  8 wights
  14 killer bees
  2 orc priests
  5 hounds
  Jessica (D:3)
  Ijyb (D:5)
  3 orc wizards
  3 iguanas
  Robin (D:4)
  3 gnolls (D:9)
  5 adders
  A shadow imp (D:8)
  A white imp (D:6)
  4 worms
  A dart slug (D:1)
  31 orcs
  4 bats
  4 endoplasms
  A giant cockroach (D:3)
  16 goblins
  6 hobgoblins
  12 jackals
  19 kobolds
  3 quokkas
  8 ball pythons
  2 frilled lizards (D:5)
  6 rats
195 creatures vanquished.

Vanquished Creatures (collateral kills)
  A killer bee (D:8)
  A worm (D:2)
  An endoplasm (D:1)
  3 giant cockroaches (D:1)
  A rat (D:1)
7 creatures vanquished.

Vanquished Creatures (others)
  2 fungi (D:8)
  9 plants (D:9)
11 creatures vanquished.

Grand Total: 213 creatures vanquished

Notes
Turn   | Place    | Note
-------+----------+-------------------------------------------
     0 | D:1      | tkbsonic5 the Djinni Hedge Wizard began the quest for the
                  | Orb.
     0 | D:1      | tkbsonic5 set off with the following spells memorised:
                  | Magic Dart, Blink, Call Imp, Slow, Conjure Flame, Mephitic
                  | Cloud.
     0 | D:1      | Reached XP level 1. HP: 15/15 MP: 0/0
   498 | D:1      | Reached skill level 1 in Fighting
   498 | D:1      | Reached XP level 2. HP: 14/22 MP: 0/0
  1115 | D:1      | Found a faded altar of an unknown god.
  1686 | D:2      | Reached XP level 3. HP: 23/27 MP: 0/0
  1686 | D:2      | Learned a level 1 spell: Freeze
  2503 | D:2      | Reached XP level 4. HP: 29/33 MP: 0/0
  2706 | D:2      | Found an iron altar of Okawaru.
  2716 | D:2      | Became a worshipper of Warmaster Okawaru
  3136 | D:3      | Noticed Jessica
  3138 | D:3      | Killed Jessica
  3762 | D:4      | Reached XP level 5. HP: 33/39 MP: 0/0
  3762 | D:4      | Learned a level 2 spell: Passwall
  3839 | D:4      | Noticed a black bear
  3840 | D:4      | Reached skill level 1 in Ranged Weapons
  3851 | D:4      | Killed a black bear
  3852 | D:4      | Reached skill level 1 in Armour
  3852 | D:4      | Reached skill level 1 in Invocations
  3852 | D:4      | Reached XP level 6. HP: 24/46 MP: 0/0
  4323 | D:4      | Reached * piety under Okawaru
  4444 | D:4      | Reached XP level 7. HP: 18/50 MP: 0/0
  4444 | D:4      | Learned a level 3 spell: Portal Projectile
  5080 | D:4      | Noticed Robin
  5110 | D:4      | Killed Robin
  5195 | D:5      | Entered Level 5 of the Dungeon
  5518 | D:5      | Reached skill level 1 in Long Blades
  5941 | D:5      | Found a bloodstained altar of Trog.
  5943 | D:5      | Noticed Ijyb
  5956 | D:5      | Killed Ijyb
  6067 | D:5      | Reached XP level 8. HP: 46/58 MP: 0/0
  6577 | D:6      | Reached ** piety under Okawaru
  7071 | D:6      | Noticed a troll
  7388 | D:6      | Killed a troll
  7411 | D:5      | Reached skill level 5 in Fighting
  7411 | D:5      | Reached XP level 9. HP: 5/65 MP: 0/0
  7411 | D:5      | Learned a level 4 spell: Hailstorm
  7851 | D:6      | Found a staircase to the Ecumenical Temple.
  8316 | D:6      | Found a sacrificial altar of Ru.
  8716 | D:7      | Reached skill level 1 in Maces & Flails
  8812 | D:7      | Found Atesycza's Gadget Gallery.
  8841 | D:7      | Bought a wand of mindburst (9) for 176 gold pieces
  8841 | D:7      | Bought a wand of iceblast (1) for 33 gold pieces
  8841 | D:7      | Bought a wand of flame (8) for 78 gold pieces
  8897 | D:7      | Reached *** piety under Okawaru
  9154 | D:7      | Reached skill level 1 in Evocations
  9727 | D:7      | Reached skill level 5 in Dodging
  9727 | D:7      | Reached skill level 5 in Spellcasting
  9979 | D:7      | Reached skill level 1 in Staves
 10458 | D:8      | Reached XP level 10. HP: 54/72 MP: 0/0
 10910 | D:8      | Found a glowing silver altar of Zin.
 10910 | D:8      | Noticed an angel
 11394 | D:8      | Found a glowing golden altar of the Shining One.
 11536 | D:8      | Found a staircase to the Lair.
 11790 | D:9      | Reached **** piety under Okawaru
 12033 | D:9      | Found a runed translucent door.
 12050 | D:9      | Identified the +10 trident of the Shimmering Gods {spect,
                  | rF++ Str+2}
 12052 | D:9      | Noticed sanboga's ghost (journeyman MiBe)
 12332 | D:9      | Noticed a two-headed ogre
 12353 | D:9      | Killed a two-headed ogre
 12354 | D:9      | Reached skill level 5 in Invocations
 12722 | D:9      | Noticed a brown ugly thing
 12724 | D:9      | Noticed a brown ugly thing
 12733 | D:9      | Noticed a boulder beetle
 12736 | D:9      | Killed a cyan ugly thing
 12744 | D:9      | Slain by a cyan ugly thing

Illustrated notes

Levels and vault maps discovered:
D:1:      amcnicky_arrival_wind_blow, layout_loops_cross,
          basic_ecumenical_altar, kennysheep_small_spiral
D:2:      layout_basic, serial_glass, glass_columns_b, glass_columns_c,
          due_unseen_surprise, item_on_display_a, minmay_strange_pillars,
          item_on_display_a, basic_altar, minmay_ruptured
D:3:      layout_loops_corners, hex_tiny, uniq_jessica
D:4:      kennysheep_goblin_castle, layout_loops_ring
D:5:      layout_basic, trog_butcher_becter, minmay_manual_mares, uniq_ijyb
D:6:      layout_cave_pools, nicolae_ru_path_of_blood,
          minmay_temple_entry_slanted
D:7:      layout_basic, minmay_strange_pillars, nicolae_shop_gadgets
D:8:      layout_cave_pools, zin_angel, mainiacjoe_overflow_alcove_2,
          dpeg_oklobed_lair
D:9:      layout_layer_cave, ebering_ghost_funeral_grove,
          minmay_shattered_shrine, uniq_pikel

Skill      XL: |  1  2  3  4  5  6  7  8  9 10 |
---------------+-------------------------------+-----
Fighting       | 1 2 3 5 6 |  6.6
Spellcasting   | 3 4 5 |  5.8
Ranged Weapons | 1 2 3 |  3.5
Armour         | 1 3 4 |  4.6
Invocations    | 1 2 3 4 5 |  5.1
Dodging        | 3 4 5 6 |  6.6
Long Blades    | 1 3 |  3.1
Maces & Flails | 2 |  2.0
Evocations     | 1 2 |  2.8
Staves         | 1 2 |  2.1
Throwing       | |  0.6
Stealth        | |  1.5

Action                   |  1- 3 |  4- 6 |  7- 9 | 10-12 || total
-------------------------+-------+-------+-------+-------++-------
Melee: Dagger            |     8 |       |       |       ||     8
       Short sword       |     2 |    29 |       |       ||    31
       Punch             |       |     1 |     1 |     1 ||     3
       Long sword        |       |       |    97 |    80 ||   177
       Quarterstaff      |       |       |    75 |    28 ||   103
       Flail             |       |       |    31 |       ||    31
 Fire: Sling             |    19 |    69 |    52 |       ||   140
       Shortbow          |       |       |    87 |       ||    87
Throw: Dart              |     3 |       |       |    10 ||    13
       Throwing net      |       |       |     1 |     1 ||     2
 Cast: Magic Dart        |    35 |     5 |    13 |    19 ||    72
       Call Imp          |    11 |       |       |       ||    11
       Blink             |     1 |     2 |    12 |     8 ||    23
       Freeze            |    18 |    43 |    33 |       ||    94
       Slow              |     1 |     4 |    14 |       ||    19
       Mephitic Cloud    |     1 |       |    29 |    11 ||    41
       Portal Projectile |       |       |    12 |       ||    12
       Passwall          |       |       |     1 |       ||     1
       Conjure Flame     |       |       |     7 |       ||     7
       Hailstorm         |       |       |     2 |     7 ||     9
Invok: Heroism           |       |       |     8 |     3 ||    11
       Finesse           |       |       |       |     2 ||     2
Evoke: Wand              |       |       |     3 |    13 ||    16
  Use: Potion            |     1 |     1 |    11 |     3 ||    16
       Scroll            |       |       |    12 |     6 ||    18
 Stab: Confused          |       |       |     7 |     6 ||    13
       Invisible         |       |       |     3 |     1 ||     4
       Paralysed         |       |       |       |     4 ||     4
       Held in net/web   |       |       |       |     1 ||     1
Armor: Leather armour    |     6 |       |    67 |    40 ||   113
       Skin              |     7 |    27 |       |     7 ||    41
       Ring mail         |     1 |    10 |    21 |     5 ||    37
Dodge: Dodged            |    24 |    21 |   317 |   148 ||   510
